 Dungeon Crawl Stone Soup version 0.24-a0-417-g1cce26a4d2 (webtiles) character file.

Game seed: 12911678080183727343

461 ohad the Ducker (level 7, -3/45 HPs)
             Began as an Octopode Transmuter on June 8, 2019.
             Killed by triggering an arrow trap (10 damage)
             ... in an ossuary on June 10, 2019.
             The game lasted 00:11:57 (4598 turns).

ohad the Ducker (Octopode Transmuter)               Turns: 4598, Time: 00:11:58

Health: -3/45      AC:  1    Str:  8 (9)  XL:     7   Next: 7%
Magic:  10/10      EV: 10    Int: 15 (18) God:
Gold:   140        SH: 10    Dex: 10 (12) Spells: 4/10 levels left

rFire    . . .     SeeInvis .     - Unarmed
rCold    . . .     Gourm    .   p - +1 large shield
rNeg     . . .     Faith    .   (helmet restricted)
rPois    .         Spirit   .   (no amulet)
rElec    .         Reflect  .   (no ring)
rCorr    .         Harm     .   (no ring)
MR       .....                  (no ring)
Stlth    ++........             (no ring)
HPRegen  0.15/turn              (no ring)
MPRegen  0.12/turn              (no ring)
                                (no ring)
                                (no ring)

@: no status effects
A: almost no armour, stealthy swim, amphibious, 8 rings, constrict 8, camouflage
1, gelatinous body 1
a: no special abilities


You were in an ossuary.
You were not hungry.

You visited 1 branch of the dungeon, and saw 4 of its levels.
You also visited: Ossuary.

You collected 140 gold pieces.

Inventory:

Missiles
 a - 32 arrows
 l - 8 poisoned darts (quivered)
 m - 59 bolts
Armour
 p - a +1 large shield (worn)
Jewellery
 i - an uncursed ring of flight {unknown}
Scrolls
 d - a scroll of magic mapping
 h - a scroll of amnesia {unknown}
 n - 3 scrolls of teleportation
 o - a scroll of enchant armour
 q - a scroll of blinking {unknown}
 t - a scroll of fog
 w - a scroll of identify {unknown}
 y - a scroll of enchant weapon {unknown}
Potions
 b - a potion of degeneration
 e - a potion of mutation {unknown}
 r - a potion of cancellation
Comestibles
 c - 4 rations


   Skills:
 - Level 2.0 Fighting
 + Level 5.8 Dodging
 - Level 5.0 Unarmed Combat
 - Level 2.0 Spellcasting
 - Level 2.0 Transmutations


You had 4 spell levels left.
You knew the following spells:

 Your Spells              Type           Power        Failure   Level  Hunger
a - Beastly Appendage     Tmut           #.....       94%         1    #......
b - Sticks to Snakes      Tmut           #.......     98%         2    ###....
c - Spider Form           Tmut/Pois      #.........   100%        3    ###....

Your spell library contained the following spells:

 Spells                   Type           Power        Failure   Level  Hunger
 Ice Form                 Ice/Tmut       #.......     100%        4    #####..
 Blade Hands              Tmut           #.........   100%        5    ######.


Dungeon Overview and Level Annotations

Branches:
Dungeon (4/15)
 Temple: D:4-7

Altars:


Innate Abilities, Weirdness & Mutations

You cannot wear most types of armour.
You are very stealthy in the water. (Stealth+)
You are amphibious.
You can wear up to eight rings at the same time.
You can use your tentacles to constrict eight enemies at once.
Your skin changes colour to match your surroundings (Stealth+).
Your rubbery body absorbs attacks. (AC +1, EV +1)


Message History

Okay, then.
Really walk into that spear trap?
Okay, then.
Really walk into that arrow trap?
You avoid triggering an arrow trap.
There is an arrow trap here.
There is an open door here.
You close the door.
You feel a little less agile now.
There is an open door here.
There is an open door here.
Really walk into that dart trap?
You avoid triggering a dart trap.
There is a dart trap here.
Unknown command.
You are already empty-tentacled.
As you close the door, it creaks loudly!
Really walk into that arrow trap?
An arrow shoots out and hits you!
You die...

..#?.?#...........#
..#!.?###8.....8###
..#!.M#...........#
8######...........#
..#^^^#.....8.....#
..#^^^'.....#.....#
..#^^^#.....#.....#
####'###########'##
..#...#^^^#...#^@^#
..8...#^^^+...+^^^#
......#^^^#...#^^^#
8...8###+##########
......#...#...#ZZ?#
..8...#...8...#..?#
..#...#.......#.?.#
########8...8###'##
......M# ..


You could see a goblin zombie and a hobgoblin zombie.

Vanquished Creatures
  3 scorpions (Ossuary)
  3 human zombies (Ossuary)
  An iguana (D:4)
  A worker ant (D:4)
  A big kobold zombie (Ossuary)
  A hound skeleton (D:4)
  A mummy (D:4)
  Robin (D:2)
  2 adders
  2 scorpion zombies (Ossuary)
  3 oozes
  2 leopard geckos (D:3)
  2 ball pythons
  3 giant cockroaches (D:3)
  A gnoll zombie (Ossuary)
  15 goblins
  3 hobgoblins
  8 jackals
  6 bats
  3 frilled lizards
  5 kobolds
  A kobold zombie (Ossuary)
  An orc zombie (Ossuary)
  8 rats
77 creatures vanquished.

Vanquished Creatures (collateral kills)
  A kobold zombie (Ossuary)
1 creature vanquished.

Grand Total: 78 creatures vanquished

Notes
Turn   | Place    | Note
-------+----------+-------------------------------------------
     0 | D:1      | ohad the Octopode Transmuter began the quest for the Orb.
     0 | D:1      | Reached XP level 1. HP: 13/13 MP: 3/3
   276 | D:1      | Reached XP level 2. HP: 15/19 MP: 5/5
   798 | D:1      | Reached XP level 3. HP: 22/24 MP: 4/6
  1606 | D:2      | Noticed Robin
  1619 | D:2      | Killed Robin
  1849 | D:1      | Upgraded the game from 0.24-a0-416-g56ce5178b7 to
                  | 0.24-a0-417-g1cce26a4d2
  2093 | D:2      | Reached XP level 4. HP: 29/29 MP: 7/7
  3313 | D:3      | Reached skill level 5 in Unarmed Combat
  3526 | D:4      | Learned a level 2 spell: Sticks to Snakes
  3530 | D:4      | Learned a level 3 spell: Spider Form
  3602 | D:4      | Reached XP level 5. HP: 34/34 MP: 4/8
  3970 | D:4      | Found a sand-covered staircase.
  3977 | Ossuary  | Entered an ossuary
  4189 | Ossuary  | Reached XP level 6. HP: 33/39 MP: 7/9
  4394 | Ossuary  | Reached skill level 5 in Dodging
  4532 | Ossuary  | Reached XP level 7. HP: 4/45 MP: 10/10
  4534 | Ossuary  | HP: 2/45 [poisoned by a scorpion]
  4541 | Ossuary  | HP: 2/67 [poisoned by a scorpion]
  4549 | Ossuary  | HP: 2/67 [poisoned by a scorpion]
  4598 | Ossuary  | Killed by triggering an arrow trap

Levels and vault maps discovered:
D:1:      matt_arrival_los_fun, layout_basic
D:2:      layout_basic, hangedman_decor_riveting, uniq_robin
D:3:      layout_basic, chequers_garden
D:4:      layout_loops_ring, nicolae_ossuary_entry_giza, first_ration,
          nicolae_tso_carved_into_rock
Ossuary:  ossuary_minmay_scorpions

Skill      XL: |  1  2  3  4  5  6 |
---------------+-------------------+-----
Fighting       | 2 |  2.0
Unarmed Combat | 4 5 |  5.0
Dodging        | 4 5 |  5.8
Spellcasting   | |  2.0
Transmutations | |  2.0

Action                   |  1- 3 |  4- 6 |  7- 9 || total
-------------------------+-------+-------+-------++-------
Melee: Unarmed           |    83 |   148 |     4 ||   235
       Constrict         |    19 |    22 |       ||    41
       Tentacles         |    11 |    18 |       ||    29
       Kick              |     7 |    20 |       ||    27
       Punch             |     1 |     3 |       ||     4
 Cast: Beastly Appendage |    12 |    12 |       ||    24
       Spider Form       |       |     4 |       ||     4
       Sticks to Snakes  |       |     3 |       ||     3
  Use: Scroll            |       |     4 |       ||     4
       Potion            |       |     7 |     3 ||    10
 Stab: Sleeping          |     7 |     5 |       ||    12
       Distracted        |       |     1 |       ||     1
  Eat: Chunk             |     4 |     6 |       ||    10
       Ration            |       |     1 |       ||     1
Armor: Skin              |    13 |     6 |     1 ||    20
Dodge: Dodged            |    59 |   117 |     2 ||   178
Block: Large shield      |       |     5 |     2 ||     7

Table legend:
 A = Non-vault XP
 B = Vault XP
 C = Vault XP percentage of total XP
 D = Non-vault monster count
 E = Vault monster count
 F = Vault count percentage of total count
                 A         B        C        D         E       F
            +---------+---------+-------+---------+---------+-------
      Total |     213 |     446 |  67.7 |      55 |      23 |  29.5
            +---------+---------+-------+---------+---------+-------
        D:1 |      43 |       2 |   4.4 |      22 |       1 |   4.3
        D:2 |      38 |      28 |  42.4 |      15 |       8 |  34.8
        D:3 |      44 |       0 |   0.0 |      15 |       0 |   0.0
        D:4 |      88 |      18 |  17.0 |       3 |       1 |  25.0
    Ossuary |       0 |     398 | 100.0 |       0 |      13 | 100.0
            +---------+---------+-------+---------+---------+-------
